 Dungeon Crawl Stone Soup version 0.16.0-16-g311141a (webtiles) character file.

26613 Canard the Brawler (level 12, -21/119 HPs)
             Began as a Troll Chaos Knight on Mar 19, 2015.
             Demolished by a minotaur
             ... wielding a +1 long sword of holy wrath
              (23 damage)
             ... in a labyrinth.
             The game lasted 01:18:50 (14761 turns).

Canard the Brawler (Troll Chaos Knight)            Turns: 14761, Time: 01:18:52

Health: -21/119    AC: 14    Str: 25      XL:     12   Next: 99%
Magic:  15/15      EV: 14    Int: 10 (12) God:    Xom [...*..]
Gold:   856        SH:  0    Dex:  8 (9)  Spells: 3 memorised, 10 levels left

rFire  . . .     SeeInvis .       - Unarmed
rCold  . . .     Clarity  .     b - +2 robe
rNeg   . . .     SustAb   .     (shield restricted)
rPois  .         Gourm    +     (helmet restricted)
rElec  +         Spirit   .     f - +1 cloak
rCorr  .         Warding  .     (gloves unavailable)
rMut   .         Stasis   .     (boots unavailable)
MR     +....                    z - amulet of rage
Stlth  +.........               C - ring of protection from magic
                                t - +3 ring of evasion

@: invisible, somewhat resistant to hostile enchantments, very unstealthy
A: unfitting armour, beak, claws 3, hooves 2, repulsion field 1, icy blue scales
1, iridescent scales 1, blurry vision 1, fast metabolism 3, gourmand,
regeneration 2, shaggy fur 1, electricity resistance, strong 1, tough skin 2
a: Renounce Religion, Evoke Berserk Rage


You were in a labyrinth.
You worshipped Xom.
You were a favourite toy of Xom.
You were not hungry.

You visited 3 branches of the dungeon, and saw 18 of its levels.
You also visited: Labyrinth.

You collected 856 gold pieces.

Inventory:

Missiles
 c - 7 tomahawks
 G - a throwing net
 U - 6 large rocks (quivered)
Armour
 b - a +2 robe (worn)
 f - a +1 cloak (worn)
Rods
 Y - a -3 rod of ignition (9/9)
   (You found it on level 9 of the Dungeon)
Jewellery
 q - a cursed amulet of resist mutation
 t - a +3 ring of evasion (left claw)
 y - an uncursed ring of fire
 z - an amulet of rage (around neck)
 B - an uncursed ring of wizardry
 C - a ring of protection from magic (right claw)
 O - an uncursed amulet of faith
 V - an uncursed ring of teleportation
Magical devices
 d - a wand of lightning (4)
 I - a wand of slowing (32)
 J - a wand of flame (4)
 M - a wand of hasting (6)
 N - a wand of fireball (8)
 R - a wand of magic darts (29)
 W - a wand of polymorph (0)
 X - a wand of slowing (30)
 Z - a wand of slowing (18)
Scrolls
 e - 7 scrolls of identify
 i - 2 scrolls of fear
 j - 2 scrolls of immolation
 k - 10 scrolls of teleportation
 l - 2 scrolls of blinking
 r - a scroll of enchant weapon
 v - 2 scrolls of amnesia
 x - a scroll of vulnerability
 D - 2 scrolls of holy word
 L - 4 scrolls of remove curse
 Q - 2 scrolls of recharging
 S - 3 scrolls of magic mapping
Potions
 g - 2 potions of might
 h - 2 potions of invisibility
 m - 7 potions of curing
 n - a potion of mutation
 o - 6 potions of brilliance
 p - 3 potions of restore abilities
 s - 2 potions of resistance
 u - a potion of lignification
 A - a potion of magic
 H - 3 potions of heal wounds {heal wounds}
 K - a potion of flight
Comestibles
 a - 10 meat rations {!e}
 w - 2 royal jellies {!e}
 E - 3 beef jerkies
 F - 3 slices of pizza
 P - a bread ration
 T - 2 fruits


   Skills:
 * Level 7.6 Fighting
 - Level 1.5 Armour
 - Level 0.7 Dodging
 + Level 16.0 Unarmed Combat
 - Level 3.0 Spellcasting
 + Level 4.8 Charms
 + Level 4.6 Air Magic
 + Level 3.3 Evocations


You had 10 spell levels left.
You knew the following spells:

 Your Spells              Type           Power        Failure   Level  Hunger
a - Swiftness             Chrm/Air       ##......     8%          2    ###....
b - Repel Missiles        Chrm/Air       ##....       8%          2    ###....
c - Flight                Chrm/Air       ##........   12%         3    ###....


Dungeon Overview and Level Annotations

Branches:
Dungeon (11/15)            Temple (1/1) D:6            Lair (6/8) D:11
    Orc (0/4) D:10
  Swamp: Lair:3-6    Shoals: Lair:3-6     Snake: Lair:3-6    Spider: Lair:3-6
  Slime: Lair:6-8

Altars:
Ashenzari
Cheibriados
Dithmenos
Elyvilon
Fedhas
Gozag
Kikubaaqudgha
Makhleb
Nemelex Xobeh
Okawaru
Qazlal
Ru
Sif Muna
Trog
Vehumet
Xom
Yredelemnul
Zin
The Shining One
Beogh

Shops:
D:6 :   D:9 %

Annotations:
D:7 exclusion: ice statue
Lair:6 Harold


Innate Abilities, Weirdness & Mutations

You are too large for most types of armour.
You have claws for hands.
Your metabolism is lightning-fast.
You like to eat raw meat.
You heal very quickly.
You are covered in fur (AC +1).
You have very tough skin (AC +2).
You have a beak for a mouth.
You have hoof-like feet.
You are surrounded by a mild repulsion field (EV +2).
You are partially covered in icy blue scales (AC +1).
You are partially covered in iridescent scales (AC +4).
Scrolls take you a little longer to read.
You are resistant to electric shocks.
Your muscles are strong. (Str +2)


Message History

The minotaur closely misses you. The minotaur gores you!!
The minotaur closely misses you. The minotaur gores you!
Huge Dmg: -33%(-40hp) hp: 32%(37hp) Unknown command.
You hear a bellow!
Read which item? (? for menu, Esc to quit)
Okay, then.
Unknown command.
Drink which item? (? for menu, Esc to quit)
You feel much better. The minotaur completely misses you.
The minotaur completely misses you.
Drink which item? (? for menu, Esc to quit)
You fade into invisibility!
The minotaur hits you with a long sword of holy wrath.
The minotaur gores you but does no damage.
The minotaur hits you with a long sword of holy wrath!!!
* * * LOW HITPOINT WARNING * * *
The minotaur gores you!!
You die...
Xom bursts into laughter!

..... ....
##### ##.
####
#.#..... ..
# ... #.#
### ▓ #.#
#.#. # ...
.. #.#
#.#.. ## #
▓ .# #.. #.
.. .#
#.###.#.##.
#. #
#.H.#.# . .
# .
#.#@..#.. #
### #.#####
. ... ####


You could see a minotaur (berserk).

Vanquished Creatures
  2 hydras
  Pikel (D:6)
  2 hill giants
  2 orc knights (D:10)
  A cyclops (D:11)
  A salamander (D:10)
  3 elephants (Lair:2)
  A black mamba (Lair:1)
  A gargoyle (D:11)
  7 spiny frogs
  The ghost of jazmu the Chopper, an experienced DsGl (D:5)
  A hellwing (Lair:1)
  3 komodo dragons
  A troll (D:11)
  8 blink frogs (Lair:4)
  A raven (Lair:1)
  A wyvern (D:11)
  2 trapdoor spiders (D:11)
  A shadow (D:11)
  Eustachio (D:7)
  19 yaks
  A steam dragon (D:10)
  A wolf (Lair:1)
  3 hippogriffs
  2 hungry ghosts
  10 swamp worms (Lair:3)
  Edmund (D:5)
  9 water moccasins
  A mottled dragon (D:11)
  A porcupine (Lair:2)
  A necrophage (D:10)
  6 orc warriors
  3 black bears
  A slave (D:6)
  A dwarf (D:11)
  2 phantoms
  13 centaurs
  3 ice beasts
  4 ogres
  A wasp (D:11)
  8 crocodiles
  Sigmund (D:5)
  2 big kobolds (D:11)
  Duvessa (D:5)
  A brain worm (Lair:3)
  Blork the orc (D:8)
  6 giant frogs
  2 wyvern zombies
  A gnoll sergeant (D:4)
  14 killer bees
  2 scorpions
  A water moccasin skeleton (D:10)
  10 wights
  4 quasits
  2 centaur zombies
  8 hounds
  Dowan (D:5)
  4 electric eels
  4 crimson imps
  A giant frog zombie (D:10)
  A goliath beetle (D:10)
  5 orc priests
  6 jellies
  7 iguanas
  A giant frog skeleton (D:7)
  2 iron imps
  4 centaur skeletons
  10 orc wizards
  9 worker ants
  Natasha (thrice) (D:4)
  6 sheep (Lair:4)
  3 hell rats (Lair:2)
  2 hound zombies (D:8)
  4 gnolls
  2 worker ant zombies
  15 adders
  37 river rats
  3 giant mites
  8 shadow imps
  12 worms
  2 ufetubi (D:5)
  4 white imps
  An adder skeleton (D:6)
  An adder zombie (D:8)
  3 oozes
  60 orcs
  A ball python (D:5)
  16 bats
  2 bat skeletons (D:5)
  9 hobgoblins
  16 jackals
  8 giant cockroaches
  2 giant geckos
  4 giant newts
  A giant spore (D:7)
  10 goblins
  2 jackal zombies
  21 kobolds
  8 quokkas
  A quokka skeleton (D:6)
  32 rats
  A ballistomycete (D:7)
  3 plants (Lair:3)
546 creatures vanquished.

Vanquished Creatures (collateral kills)
  A tengu warrior (D:10)
  An ufetubus (Lair:4)
  An orc (D:10)
  A rat (D:7)
4 creatures vanquished.

Vanquished Creatures (others)
  A giant frog (D:6)
  A quasit (Lair:5)
  3 iron imps
  2 shadow imps
  4 white imps
  4 ufetubi
  An orc (D:10)
  A fungus (Lair:6)
  2 plants
19 creatures vanquished.

Grand Total: 569 creatures vanquished

Notes
Turn   | Place    | Note
--------------------------------------------------------------
     0 | D:1      | Canard, the Troll Chaos Knight, began the quest for the Orb.
     0 | D:1      | Reached XP level 1. HP: 22/22 MP: 1/1
    33 | D:1      | XOM: silly message
    73 | D:1      | XOM: divination: detect items
    82 | D:1      | XOM: harmless Tloc miscast
   121 | D:1      | XOM: harmless Pois miscast
   290 | D:1      | Reached XP level 2. HP: 29/29 MP: 1/1
   870 | D:2      | Reached XP level 3. HP: 37/37 MP: 2/2
   981 | D:2      | XOM: harmless Fire miscast
  1057 | D:2      | Reached skill level 4 in Fighting
  1113 | D:2      | Reached XP level 4. HP: 48/48 MP: 2/2
  1171 | D:2      | XOM: harmless Air miscast
  1458 | D:3      | XOM is BORED!
  1458 | D:3      | XOM: harmless Summ miscast
  1619 | D:3      | Found a shattered altar of Ashenzari.
  1645 | D:3      | Reached XP level 5. HP: 44/55 MP: 2/2
  1718 | D:3      | XOM: give mutations
  1718 | D:3      | Gained mutation: You are clumsy. (Dex -2) [Xom's mischief]
  1718 | D:3      | Gained mutation: Scrolls take you a little longer to read. [Xom's mischief]
  1718 | D:3      | Gained mutation: Your mind is acute. (Int +2) [Xom's mischief]
  1818 | D:3      | XOM: mild Air miscast
  1829 | D:3      | Reached skill level 5 in Fighting
  2228 | D:4      | Noticed Natasha
  2239 | D:4      | Killed Natasha
  2239 | D:4      | Reached XP level 6. HP: 64/67 MP: 3/3
  2415 | D:4      | Reached skill level 6 in Fighting
  2447 | D:4      | XOM: confuse monster(s)
  2626 | D:4      | Noticed Natasha
  2629 | D:4      | Killed Natasha
  2684 | D:4      | Noticed Natasha
  2693 | D:4      | Killed Natasha
  2807 | D:4      | XOM: colour smoke trail
  2844 | D:4      | XOM: summons 4 hostile shadow creatures
  2867 | D:5      | Entered Level 5 of the Dungeon
  2904 | D:5      | Noticed jazmu's ghost (experienced DsGl)
  2912 | D:5      | Killed jazmu's ghost
  2912 | D:5      | Reached skill level 7 in Fighting
  2912 | D:5      | Reached XP level 7. HP: 73/78 MP: 3/3
  2953 | D:5      | XOM: blink monster(s)
  2961 | D:5      | Huge Dmg: 16 dmg
  2965 | D:5      | Huge Dmg: 9 dmg
  2976 | D:4      | XOM: harmless Erth miscast
  2977 | D:4      | Huge Dmg: 4 dmg
  2979 | D:4      | XOM: noise
  3003 | D:4      | Huge Dmg: 15 dmg
  3003 | D:4      | XOM: silly message
  3007 | D:4      | XOM: summons 2 hostile shadow creatures
  3018 | D:4      | XOM: enchant monster (good)
  3213 | D:5      | XOM: confuse monster(s)
  3229 | D:5      | Reached skill level 5 in Unarmed Combat
  3229 | D:5      | Reached XP level 8. HP: 65/87 MP: 3/3
  3490 | D:5      | Noticed Sigmund
  3499 | D:5      | Killed Sigmund
  3618 | D:5      | Noticed Dowan
  3619 | D:5      | Noticed Duvessa
  3620 | D:5      | XOM: silly message
  3643 | D:5      | XOM: enchant monster (bad)
  3646 | D:5      | XOM: swap monsters
  3655 | D:5      | Killed Duvessa
  3655 | D:5      | XOM: blink monster(s)
  3666 | D:5      | Killed Dowan
  3678 | D:5      | XOM: summons 4 hostile demons
  3679 | D:5      | Noticed a rust devil
  3786 | D:5      | Huge Dmg: 18 dmg
  3823 | D:5      | Found a blossoming altar of Fedhas.
  3827 | D:5      | Huge Dmg: 22 dmg
  4046 | D:5      | XOM: summons 4 hostile demons
  4137 | D:5      | XOM: mild Pois miscast
  4338 | D:5      | Noticed Edmund
  4346 | D:5      | Killed Edmund
  4573 | D:6      | Noticed Pikel
  4585 | D:6      | Killed Pikel
  4585 | D:6      | Reached skill level 9 in Unarmed Combat
  4585 | D:6      | Reached XP level 9. HP: 93/93 MP: 4/4
  4628 | D:6      | Found a staircase to the Ecumenical Temple.
  4634 | Temple   | Entered the Ecumenical Temple
  4847 | D:6      | XOM: medium Divn miscast
  4990 | D:6      | Found Chasm's Book Shop.
  5007 | D:6      | XOM: harmless Divn miscast
  5091 | D:6      | XOM is BORED!
  5091 | D:6      | XOM: summons 4 hostile demons
  5305 | D:7      | XOM: summons 9 friendly demons
  5323 | D:7      | Reached skill level 10 in Unarmed Combat
  5376 | D:7      | XOM: give mutations
  5376 | D:7      | Gained mutation: You are partially covered in iridescent scales (AC +4). [Xom's grace]
  5376 | D:7      | Gained mutation: You are surrounded by a mild repulsion field (EV +2). [Xom's grace]
  5376 | D:7      | Gained mutation: You are partially covered in icy blue scales (AC +1). [Xom's grace]
  5376 | D:7      | Gained mutation: You have large cloven feet. [Xom's grace]
  5377 | D:7      | Huge Dmg: 34 dmg
  5500 | D:7      | Huge Dmg: 45 dmg
  5576 | D:7      | Found a staircase to the Ecumenical Temple.
  5629 | D:7      | Noticed Eustachio
  5635 | D:7      | Killed Eustachio
  5641 | D:7      | XOM: god gift: phantom mirror
  5699 | D:7      | XOM: swap monsters
  5719 | D:7      | Noticed an ice statue
  5907 | D:7      | XOM: cast spell 'Spider Form'
  5911 | D:8      | XOM: divination: detect items
  5936 | D:8      | XOM: mild Conj miscast
  5994 | D:8      | XOM: silly message
  6110 | D:8      | Noticed Blork the orc
  6113 | D:8      | XOM: divination: detect creatures
  6127 | D:8      | XOM: summons friendly shadow imp
  6135 | D:8      | Killed Blork the orc
  6135 | D:8      | Reached skill level 11 in Unarmed Combat
  6598 | D:8      | XOM: divination: detect creatures
  6834 | D:9      | Identified a -3 rod of ignition (9/9) (You found it on level 9 of the Dungeon)
  6850 | D:9      | Reached XP level 10. HP: 85/102 MP: 4/4
  6905 | D:9      | XOM: 1-stop teleportation journey
  6932 | D:9      | Reached skill level 12 in Unarmed Combat
  6940 | D:9      | XOM: colour smoke trail
  6977 | D:9      | Found Docrekeh's Food Emporium.
  7033 | D:9      | Learned a level 2 spell: Swiftness
  7147 | D:9      | XOM: god gift: hardcover book {god gift}
  7321 | D:10     | Entered Level 10 of the Dungeon
  7401 | D:10     | Noticed a tengu warrior
  7407 | D:10     | Killed a tengu warrior
  7407 | D:10     | Reached skill level 1 in Spellcasting
  7524 | D:10     | XOM: god gift: silver wand {god gift}
  7642 | D:10     | Noticed an orc knight
  7642 | D:10     | Noticed an orc knight
  7651 | D:10     | XOM: enchant monster (good)
  7670 | D:10     | XOM: enchant monster (good)
  7676 | D:10     | XOM: 3-stop teleportation journey
  7740 | D:10     | Reached skill level 13 in Unarmed Combat
  7778 | D:10     | Noticed a cyclops
  7793 | D:10     | XOM: 1-stop teleportation journey
  7837 | D:10     | Huge Dmg: 22 dmg
  7882 | D:10     | XOM: summons friendly shadow imp
  7891 | D:10     | XOM: harmless Fire miscast
  7977 | D:10     | XOM: enchant monster (bad)
  8014 | D:10     | Found a roughly hewn altar of Beogh.
  8015 | D:10     | XOM: destruction
  8016 | D:10     | Found a staircase to the Orcish Mines.
  8021 | D:10     | Killed an orc knight
  8023 | D:10     | Huge Dmg: 25 dmg
  8082 | D:10     | XOM: 1-stop teleportation journey
  8095 | D:10     | Noticed a salamander
  8095 | D:10     | a cyclops changed into a salamander
  8095 | D:10     | XOM: polymorph cyclops -> salamander
  8097 | D:10     | XOM: divination: detect items
  8099 | D:10     | Killed a salamander
  8111 | D:10     | Learned a level 2 spell: Repel Missiles
  8157 | D:10     | Reached XP level 11. HP: 106/109 MP: 14/14
  8168 | D:10     | XOM: give mutations
  8168 | D:10     | Gained mutation: You are resistant to electric shocks. [Xom's grace]
  8168 | D:10     | Gained mutation: Your muscles are strong. (Str +2) [Xom's grace]
  8169 | D:10     | Huge Dmg: 55 dmg
  8228 | D:10     | XOM: give mutation
  8228 | D:10     | Gained mutation: You have a beak for a mouth. [Xom's grace]
  8305 | D:10     | Reached skill level 1 in Charms
  8308 | D:10     | XOM: fog
  8310 | D:10     | Reached skill level 1 in Air Magic
  8365 | D:10     | Huge Dmg: 27 dmg
  8377 | D:10     | Killed an orc knight
  8416 | D:10     | XOM: vitrification
  8469 | D:11     | Reached skill level 14 in Unarmed Combat
  8637 | D:11     | Noticed a cyclops
  8637 | D:11     | XOM: chaos cloud
  8638 | D:11     | Huge Dmg: 27 dmg
  8658 | D:11     | Huge Dmg: 27 dmg
  8664 | D:11     | Killed a cyclops
  8788 | D:10     | XOM: harmless Chrm miscast
  8992 | D:11     | XOM: 1-stop teleportation journey
  9008 | D:11     | Noticed a hill giant
  9015 | D:11     | XOM: smoke on damage
  9016 | D:11     | Huge Dmg: 30 dmg
  9017 | D:11     | XOM: potion effect (curing)
  9022 | D:11     | Killed a hill giant
  9042 | D:11     | XOM: chaos cloud
  9052 | D:11     | XOM: confusion
  9064 | D:11     | XOM: cast spell 'Spider Form'
  9191 | D:11     | XOM: noise
  9215 | D:11     | XOM: mild Pois miscast
  9300 | D:11     | Found a staircase to the Lair.
  9454 | D:11     | XOM: 1-stop teleportation journey
  9457 | D:11     | Huge Dmg: 20 dmg
  9459 | D:11     | Huge Dmg: 11 dmg
  9459 | D:11     | XOM: confusion
  9460 | D:11     | Huge Dmg: 18 dmg
  9495 | D:11     | Huge Dmg: 14 dmg
  9817 | Lair:1   | Entered Level 1 of the Lair of Beasts
  9846 | Lair:1   | Learned a level 3 spell: Flight
  9877 | Lair:1   | XOM: 1-stop teleportation journey
  9880 | Lair:1   | XOM: silly message
  9884 | Lair:1   | XOM: blink monster(s)
  9888 | Lair:1   | XOM: polymorph yak -> raven
  9924 | Lair:1   | Noticed a four-headed hydra
  9928 | Lair:1   | Huge Dmg: 20 dmg
  9931 | Lair:1   | Huge Dmg: 29 dmg
  9937 | Lair:1   | XOM: enchant monster (bad)
  9941 | Lair:1   | XOM: summons friendly crimson imp
  9946 | Lair:1   | XOM: summons friendly white imp
 10095 | Lair:1   | XOM: summons 2 friendly demons
 10098 | Lair:1   | XOM: confusion
 10162 | Lair:1   | Reached skill level 15 in Unarmed Combat
 10233 | Lair:1   | XOM: chaos cloud
 10239 | Lair:1   | Reached XP level 12. HP: 118/118 MP: 15/15
 10373 | Lair:1   | XOM: give mutations
 10373 | Lair:1   | Lost mutation: Your mind is acute. (Int +2) [Xom's mischief]
 10373 | Lair:1   | Lost mutation: You are clumsy. (Dex -2) [Xom's mischief]
 10374 | Lair:1   | Huge Dmg: 32 dmg
 10376 | Lair:1   | XOM: medium Conj miscast
 10377 | Lair:1   | Huge Dmg: 19 dmg
 10383 | Lair:1   | XOM: colour smoke trail
 10394 | Lair:1   | XOM: stat loss: -1 Int (11/12)
 10403 | Lair:1   | Huge Dmg: 20 dmg
 10403 | Lair:1   | Killed a six-headed hydra
 10460 | Lair:1   | XOM: give mutation
 10460 | Lair:1   | XOM: summons 5 hostile demons
 10580 | Lair:1   | XOM: harmless Pois miscast
 10600 | Lair:1   | Reached skill level 1 in Evocations
 10666 | Lair:1   | XOM: medium Conj miscast
 10737 | Lair:1   | XOM: give mutations
 10737 | Lair:1   | Gained mutation: You have hoof-like feet. [Xom's mischief]
 10737 | Lair:1   | Gained mutation: You are dopey. (Int -2) [Xom's mischief]
 10737 | Lair:1   | Lost mutation: You are dopey. (Int -2) [Xom's mischief]
 10738 | Lair:1   | Huge Dmg: 52 dmg
 10866 | Lair:1   | XOM: give mutation
 10866 | Lair:1   | Gained mutation: You occasionally shout uncontrollably at your foes. [Xom's mischief]
 10867 | Lair:1   | Huge Dmg: 33 dmg
 11148 | Lair:2   | Noticed a five-headed hydra
 11154 | Lair:2   | XOM: repel stairs
 11164 | Lair:2   | XOM: silly message
 11170 | Lair:2   | XOM: medium Necr miscast
 11216 | Lair:2   | XOM: stat loss: -1 Dex (8/9)
 11229 | Lair:2   | XOM: severe Divn miscast
 11264 | Lair:2   | Noticed a five-headed hydra
 11280 | Lair:2   | XOM: colour smoke trail
 11312 | Lair:2   | XOM: vitrification
 11347 | Lair:2   | XOM: blink monster(s)
 11541 | Lair:2   | XOM: 1-stop teleportation journey
 11604 | Lair:2   | XOM: silly message
 11779 | Lair:2   | XOM: divination: detect items
 11830 | Lair:2   | XOM: confuse monster(s)
 11888 | Lair:2   | Huge Dmg: 24 dmg
 11889 | Lair:2   | Huge Dmg: 41 dmg
 11900 | Lair:2   | XOM: summons friendly white imp
 11912 | Lair:2   | XOM: divination: detect creatures
 11956 | Lair:2   | XOM: vitrification
 12006 | Lair:2   | Killed a five-headed hydra
 12259 | Lair:2   | XOM: medium Chrm miscast
 12311 | Lair:2   | XOM: vitrification
 12412 | Lair:2   | XOM: cast spell 'Dispersal'
 12598 | Lair:3   | XOM: 5-stop teleportation journey
 12607 | Lair:3   | Huge Dmg: 17 dmg
 12610 | Lair:3   | Huge Dmg: 22 dmg
 12617 | Lair:3   | Huge Dmg: 23 dmg
 12618 | Lair:3   | HP: 5/118 [poisoned by a spiny frog]
 12618 | Lair:3   | XOM: divination: detect creatures
 12619 | Lair:3   | Huge Dmg: 3 dmg
 12631 | Lair:3   | Huge Dmg: 5 dmg
 12978 | Lair:3   | XOM: harmless Trmt miscast
 13005 | Lair:3   | XOM: 1-stop teleportation journey
 13231 | Lair:3   | XOM: mild Pois miscast
 13258 | Lair:3   | XOM: noise
 13264 | Lair:3   | XOM: polymorph swamp worm -> hill giant
 13273 | Lair:3   | XOM: summons 2 hostile shadow creatures
 13289 | Lair:3   | XOM: noise
 13291 | Lair:3   | Huge Dmg: 20 dmg
 13466 | Lair:4   | XOM: harmless Ice miscast
 13492 | Lair:4   | Reached skill level 16 in Unarmed Combat
 13495 | Lair:4   | XOM: blink monster(s)
 13496 | Lair:4   | XOM: harmless Hex miscast
 13557 | Lair:4   | XOM: blink monster(s)
 13600 | Lair:4   | XOM: mild Erth miscast
 13603 | Lair:4   | XOM: enchant monster (bad)
 13647 | Lair:4   | XOM: silly message
 13936 | Lair:4   | XOM: severe Trmt miscast
 13936 | Lair:4   | Lost mutation: You occasionally shout uncontrollably at your foes. [the severe capriciousness of Xom]
 13940 | Lair:4   | XOM: mild Summ miscast
 13942 | Lair:4   | XOM: confusion
 13947 | Lair:4   | XOM: confusion
 13951 | Lair:4   | Huge Dmg: 16 dmg
 13970 | Lair:4   | XOM: summons 5 hostile demons
 13972 | Lair:4   | Huge Dmg: 18 dmg
 13973 | Lair:4   | Huge Dmg: 3 dmg
 13983 | Lair:4   | XOM: medium Divn miscast
 13987 | Lair:4   | XOM: confusion (+ monsters)
 14004 | Lair:3   | Huge Dmg: 19 dmg
 14175 | Lair:4   | XOM: noise
 14416 | Lair:4   | Noticed a seven-headed hydra
 14418 | Lair:4   | XOM: stat loss: -1 Dex (8/9)
 14536 | Lair:4   | XOM: summons 5 hostile shadow creatures
 14576 | Lair:5   | Noticed a five-headed hydra
 14576 | Lair:5   | XOM: confusion
 14585 | Lair:5   | XOM: noise
 14587 | Lair:5   | XOM: summons 2 hostile demons
 14595 | Lair:5   | XOM: chaos cloud
 14596 | Lair:5   | Huge Dmg: 24 dmg
 14598 | Lair:5   | Huge Dmg: 52 dmg
 14598 | Lair:5   | XOM: chaos cloud
 14599 | Lair:5   | XOM: summons 5 friendly demons
 14602 | Lair:5   | Noticed an azure jelly
 14602 | Lair:5   | a five-headed hydra changed into an azure jelly
 14614 | Lair:6   | Found a labyrinth entrance.
 14614 | Lair:6   | Noticed Harold
 14614 | Lair:6   | Noticed an eight-headed hydra
 14617 | Lair:6   | XOM: divine lightning (protected)
 14624 | Lair:6   | XOM: cast spell 'Confusing Touch'
 14634 | Lair:6   | XOM: summons 3 friendly demons
 14637 | Lair:6   | XOM: summons friendly white imp
 14644 | Lab      | Entered a labyrinth
 14752 | Lab      | Noticed a minotaur
 14756 | Lab      | XOM: cast spell 'Shadow Creatures'
 14757 | Lab      | Huge Dmg: 33 dmg
 14759 | Lab      | Huge Dmg: 40 dmg
 14761 | Lab      | HP: 2/119 [minotaur/long sword of holy wrath (51)]
 14761 | Lab      | Demolished by a minotaur

Action                   |  1- 3 |  4- 6 |  7- 9 | 10-12 || total
-------------------------+-------+-------+-------+-------++-------
Melee: Unarmed           |   108 |   184 |   341 |   672 ||  1305
Throw: Stone             |       |       |     6 |       ||     6
       Large rock        |       |       |       |    13 ||    13
Evoke: Wand              |       |       |       |     6 ||     6
       Rod               |       |       |       |     1 ||     1
  Use: Scroll            |       |       |    17 |    11 ||    28
       Potion            |       |       |       |     8 ||     8
 Stab: Sleeping          |       |     1 |       |       ||     1
       Confused          |       |     1 |     1 |       ||     2
       Paralysed         |       |       |     4 |       ||     4
       Petrified         |       |       |       |     1 ||     1
  Eat: Chunk             |    15 |    15 |    38 |    69 ||   137
